 Dungeon Crawl Stone Soup version 0.26-a0-812-g31a745ddcd (webtiles) character file.

Game seed: 8314231709710404995

23556 Borgoz the Fighter (level 13, -8/84 HPs)
             Began as a Gargoyle Gladiator on Dec 8, 2020.
             Was a High Priest of Okawaru.
             Mangled by an ettin
             ... wielding a +0 dire flail
              (18 damage)
             ... while paralysed by an orc sorcerer
             ... on level 15 of the Dungeon.
             The game lasted 00:29:36 (16694 turns).

Borgoz the Fighter (Gargoyle Gladiator)            Turns: 16694, Time: 00:29:36

Health: -8/84      AC: 33    Str: 31    XL:     13   Next: 7%
Magic:  0/16       EV:  2    Int: 14    God:    Okawaru [*****.]
Gold:   970        SH:  0    Dex: 19    Spells: 9/12 levels left

rFire    + + .     SeeInvis .   b - +7 hand axe of Victory {holy, Str-3 Int+2 Dex+5 Stlth+}
rCold    . . .     Faith    .   (no shield)
rNeg     + . .     Spirit   +   k - +6 scale mail "Geeg" {+Fly rF++ Int+3 Stlth-}
rPois    ∞         Reflect  .   c - +0 helmet
rElec    +         Harm     .   C - +0 cloak "Geikhloqu" {Dex+2}
rCorr    .         Rampage  .   l - +1 pair of gloves
MR       .....                  y - +2 pair of boots {run}
Stlth    ..........             G - amulet of guardian spirit
HPRegen  0.24/turn              i - +6 ring of strength
MPRegen  0.15/turn              H - +6 ring of strength

@: paralysed, quick
A: negative energy resistance 1, electricity resistance, unbreathing,
petrification resistance, rot immunity, AC +9
a: Heroism, Finesse, Renounce Religion, Evoke Flight


You were on level 15 of the Dungeon.
You worshipped Okawaru.
Okawaru was extremely pleased with you.
You visited 2 branches of the dungeon, and saw 14 of its levels.
You also visited: Ice Cave.

You collected 1632 gold pieces.
You spent 662 gold pieces at shops.

Inventory:

Hand Weapons
 a - the +9 whip of Tartarus {flame, rN+ Stlth+}
   (You found it on level 7 of the Dungeon)

   It has been specially enchanted to burn those struck by it, causing extra
   injury to most foes and up to half again as much damage against particularly
   susceptible opponents.
   It protects you from negative energy.
   It makes you more stealthy.
 b - the +7 hand axe of Victory (weapon) {holy, Str-3 Int+2 Dex+5 Stlth+}
   (You found it on level 7 of the Dungeon)

   It has been blessed by the Shining One to cause great damage to the undead
   and demons.
   It affects your strength (-3).
   It affects your intelligence (+2).
   It affects your dexterity (+5).
   It makes you more stealthy.
 r - a +0 great mace
Armour
 c - a +0 helmet (worn)
 k - the +6 scale mail "Geeg" (worn) {+Fly rF++ Int+3 Stlth-}
   (You bought it in a shop on level 7 of the Dungeon)

   It affects your intelligence (+3).
   It greatly protects you from fire.
   It lets you fly.
   It makes you less stealthy.
 l - a +1 pair of gloves (worn)
 y - a +2 pair of boots of running (worn)
 C - the +0 cloak "Geikhloqu" (worn) {Dex+2}
   (You found it on level 7 of the Dungeon)

   It affects your dexterity (+2).
 I - the +1 pair of boots of Fortification {Harm rN+ Str+2}
   (Okawaru gifted it to you on level 11 of the Dungeon)

   It affects your strength (+2).
   It protects you from negative energy.
   It increases damage dealt and taken.
Jewellery
 i - a +6 ring of strength (left hand)
 n - an uncursed ring of positive energy
 F - a +4 ring of evasion
 G - an amulet of guardian spirit (around neck)
 H - a +6 ring of strength (right hand)
 K - an uncursed ring of protection from fire
Wands
 o - a wand of digging (9)
 p - a wand of random effects (18)
 s - a wand of iceblast (20)
 v - a wand of polymorph (13)
 D - a wand of flame (23)
Scrolls
 e - 4 scrolls of teleportation
 h - 4 scrolls of amnesia
 j - 3 scrolls of enchant weapon
 q - 3 scrolls of blinking
 t - 3 scrolls of enchant armour
 u - a scroll of magic mapping
 x - 2 scrolls of fear
 B - 4 scrolls of remove curse
Potions
 d - a potion of resistance
 f - 3 potions of brilliance
 g - a potion of ambrosia
 m - a potion of cancellation
 w - a potion of mutation
 z - a potion of magic
 E - a potion of flight


   Skills:
 + Level 11.6 Fighting
 + Level 11.0 Maces & Flails
 - Level 1.7 Throwing
 + Level 11.4 Armour
 + Level 9.4 Dodging
 - Level 5.0 Invocations


You had 9 spell levels left.
You knew the following spells:

 Your Spells              Type           Power        Failure   Level
a - Confusing Touch       Hex            #.......     83%         3

Your spell library contained the following spells:

 Spells                   Type           Power        Failure   Level
 Animate Skeleton         Necr           #.....       45%         1
 Apportation              Tloc           #.....       45%         1
 Corona                   Hex            #......      45%         1
 Foxfire                  Conj/Fire      #...         45%         1
 Freeze                   Ice            #...         45%         1
 Sandblast                Erth           #.....       45%         1
 Summon Small Mammal      Summ           #...         45%         1
 Ensorcelled Hibernation  Hex/Ice        #.....       58%         2
 Passwall                 Tmut/Erth      #.......     58%         2
 Conjure Flame            Conj/Fire      #.......     83%         3
 Dazzling Flash           Conj/Hex       #.....       83%         3
 Frozen Ramparts          Ice            #.....       83%         3
 Inner Flame              Hex/Fire       #.......     83%         3
 Ozocubu's Armour         Ice            #.......     83%         3
 Stone Arrow              Conj/Erth      #.....       83%         3
 Tukima's Dance           Hex            #.......     83%         3
 Animate Dead             Necr           #.........   99%         4
 Hailstorm                Conj/Ice       #.......     99%         4
 Petrify                  Tmut/Erth      #.......     99%         4
 Sticky Flame             Conj/Fire      #.......     99%         4
 Summon Ice Beast         Ice/Summ       #.......     99%         4
 Borgnjor's Vile Clutch   Necr/Erth      #.........   100%        5
 Fireball                 Conj/Fire      #.........   100%        5
 Lee's Rapid Deconstruct  Erth           #.........   100%        5
 Death Channel            Necr           #.........   100%        6
 Simulacrum               Ice/Necr       #.........   100%        6


Dungeon Overview and Level Annotations

Branches:
Dungeon (12/15)            Temple (1/1) D:6            Lair (0/6) D:11
    Orc (0/2) D:11         Depths (0/5) D:15          IceCv (visited)

Altars:
Ashenzari
Cheibriados
Dithmenos
Elyvilon
Fedhas
Gozag
Hepliaklqana
Kikubaaqudgha
Makhleb
Nemelex Xobeh
Okawaru
Qazlal
Ru
Sif Muna
Trog
Uskayaw
Vehumet
Wu Jian
Xom
Yredelemnul
Zin
The Shining One

Shops:
D:7 [   D:11 ([   D:12 :


Innate Abilities, Weirdness & Mutations

You are resistant to torment.
Your stone body is resilient. (AC +9)
You are immune to poison.
You resist negative energy. (rN+)
You are resistant to electric shocks. (rElec)
You can survive without breathing.
You are immune to petrification.
You are immune to rotting.


Message History

The tengu warrior pecks you but does no damage.
The tengu warrior claws you but does no damage.
The centaur warrior hits you but does no damage.
You feel less invigorated.
You feel less confused.
The orc sorcerer hits you with a +0 dagger.
* * * LOW HITPOINT WARNING * * *
The centaur warrior hits you.
* * * LOW HITPOINT WARNING * * *
The ettin hits you with a +0 dire flail!
* * * LOW HITPOINT WARNING * * *
The ettin hits you but does no damage.
The tengu warrior hits you but does no damage.
The tengu warrior pecks you but does no damage.
The tengu warrior claws you but does no damage.
The centaur warrior hits you but does no damage.
The orc sorcerer hits you with a +0 dagger.
* * * LOW HITPOINT WARNING * * *
The ettin hits you with a +0 dire flail!!
You die...

...# .##
#?.# ..
#..
..#.#####
.#.....#
#.#.#^.#
..#.O.#.#
##.#oQC..#
# #>@c#..
####.###
#.. ....
..# .# #


You could see an ettin, a tengu warrior, a centaur warrior, a two-headed ogre
and an orc sorcerer.

Vanquished Creatures
  Snorg (D:11)
  2 ice dragons (IceCv)
  Erica (D:9)
  A centaur warrior (D:11)
  4 two-headed ogres
  2 unseen horrors (D:10)
  2 ugly things
  A wolf spider (D:11)
  2 cyclopes (D:11)
  2 ice statues (IceCv)
  A centaur skeleton (D:12)
  Maggie (D:6)
  A komodo dragon (D:11)
  A yaktaur (D:11)
  2 rime drakes (IceCv)
  A hornet (D:10)
  Prince Ribbit (D:7)
  A vampire (D:10)
  2 wyverns
  16 yaks
  A basilisk (D:11)
  Grum (D:11)
  2 steam dragons
  Edmund (D:6)
  An acid dragon (D:11)
  4 black bears
  2 phantoms
  10 orc warriors
  5 sky beasts
  26 ice beasts
  An eye of draining (D:10)
  3 wolves (D:11)
  8 ogres
  5 centaurs
  A big kobold (D:9)
  7 bullfrogs
  A scorpion (D:4)
  A killer bee (D:11)
  2 electric eels (D:8)
  3 wights (D:10)
  5 howler monkeys
  3 bullfrog zombies
  10 hounds
  A jelly (D:11)
  A quasit (D:9)
  8 orc priests
  Crazy Yiuf (D:4)
  2 bullfrog skeletons
  3 iguanas
  11 orc wizards
  4 worker ants
  2 hound skeletons
  9 gnolls
  14 adders
  A howler monkey skeleton (D:4)
  3 shadow imps
  A white imp (D:9)
  3 ufetubi
  2 oozes
  2 adder skeletons
  4 worms
  3 dart slugs
  9 leopard geckos
  47 orcs
  4 ball pythons
  5 bats
  8 giant cockroaches
  5 hobgoblins
  12 jackals
  15 kobolds
  A quokka (D:6)
  2 frilled lizards
  8 goblins
  A leopard gecko zombie (D:5)
  A quokka zombie (D:5)
  6 rats
347 creatures vanquished.

Vanquished Creatures (others)
  An orc (D:8)
  2 kobolds (D:9)
  A fungus (D:3)
  6 toadstools (D:3)
10 creatures vanquished.

Grand Total: 357 creatures vanquished

Notes
Turn   | Place    | Note
-------+----------+-------------------------------------------
     0 | D:1      | Borgoz the Gargoyle Gladiator began the quest for the Orb.
     0 | D:1      | Reached XP level 1. HP: 12/12 MP: 1/1
   124 | D:1      | Reached XP level 2. HP: 12/18 MP: 2/2
   343 | D:1      | Reached skill level 1 in Armour
   566 | D:1      | Reached XP level 3. HP: 22/22 MP: 3/3
  1398 | D:2      | Found a hazy altar of Hepliaklqana.
  1513 | D:2      | Found a white marble altar of Elyvilon.
  1699 | D:3      | Found a radiant altar of Vehumet.
  1783 | D:3      | Reached XP level 4. HP: 24/27 MP: 4/4
  2066 | D:3      | Reached XP level 5. HP: 23/32 MP: 5/5
  2817 | D:3      | Noticed an ogre
  2826 | D:3      | Killed an ogre
  2826 | D:3      | Reached XP level 6. HP: 38/38 MP: 6/6
  3080 | D:4      | Reached XP level 7. HP: 26/44 MP: 7/7
  3336 | D:4      | Found a runed translucent door.
  3337 | D:4      | Noticed Crazy Yiuf
  3348 | D:4      | Killed Crazy Yiuf
  3820 | D:4      | Reached skill level 5 in Maces & Flails
  3899 | D:4      | Found a glowing golden altar of the Shining One.
  4149 | D:4      | Found a sacrificial altar of Ru.
  4219 | D:4      | Reached skill level 5 in Fighting
  4570 | D:4      | Reached XP level 8. HP: 48/49 MP: 8/8
  4764 | D:5      | Entered Level 5 of the Dungeon
  5226 | D:5      | Reached skill level 5 in Armour
  5764 | D:6      | Reached skill level 5 in Dodging
  5953 | D:6      | Noticed Maggie
  5973 | D:6      | Killed Maggie
  5973 | D:6      | Reached XP level 9. HP: 9/56 MP: 9/9
  6350 | D:6      | Found a staircase to the Ecumenical Temple.
  6356 | Temple   | Entered the Ecumenical Temple
  6382 | Temple   | Became a worshipper of Warmaster Okawaru
  6661 | D:6      | Noticed Edmund
  6685 | D:6      | Killed Edmund
  7253 | D:7      | Reached * piety under Okawaru
  7274 | D:7      | Found a shimmering blue altar of Sif Muna.
  7277 | D:7      | Found a basalt altar of Yredelemnul.
  7318 | D:7      | Found a snail-covered altar of Cheibriados.
  7506 | D:7      | Got an ancient hand axe
  7507 | D:7      | Identified the +7 hand axe of Victory {holy, Str-3 Int+2
                  | Dex+5 Stlth+} (You found it on level 7 of the Dungeon)
  7593 | D:7      | Found an ornate altar of the Wu Jian Council.
  7677 | D:7      | Got a dazzling ring mail
  7688 | D:7      | Identified the cursed +0 ring mail of the Volcano {*Corrode
                  | rElec Int+6} (You found it on level 7 of the Dungeon)
  7754 | D:7      | Noticed Prince Ribbit
  7968 | D:7      | Killed Prince Ribbit
  8092 | D:7      | Got a fine whip
  8093 | D:7      | Identified the +9 whip of Tartarus {flame, rN+ Stlth+} (You
                  | found it on level 7 of the Dungeon)
  8125 | D:7      | Found Coir's Antique Armour Shop.
  8133 | D:7      | Bought a bronze scale mail for 225 gold pieces
  8133 | D:7      | Bought a pair of glowing gloves for 187 gold pieces
  8203 | D:7      | Found an opulent altar of Gozag.
  8203 | D:7      | Found a sparkling altar of Nemelex Xobeh.
  8419 | D:8      | Reached XP level 10. HP: 64/64 MP: 10/10
  8552 | D:8      | Identified the +6 scale mail "Geeg" {+Fly rF++ Int+3
                  | Stlth-} (You bought it in a shop on level 7 of the Dungeon)
  8618 | D:8      | Found a broken altar of Ashenzari.
  8626 | D:8      | Noticed a two-headed ogre
  8639 | D:8      | Killed a two-headed ogre
  8639 | D:8      | Reached ** piety under Okawaru
  8829 | D:8      | Noticed a two-headed ogre
  8841 | D:8      | Killed a two-headed ogre
  8841 | D:8      | Reached *** piety under Okawaru
  9492 | D:9      | Noticed a cyan ugly thing
  9562 | D:7      | Got an ichor-stained cloak
  9573 | D:7      | Identified the +0 cloak "Geikhloqu" {Dex+2} (You found it
                  | on level 7 of the Dungeon)
  9659 | D:9      | Noticed Erica
  9681 | D:9      | Killed Erica
  9743 | D:9      | Reached **** piety under Okawaru
  9766 | D:9      | Reached XP level 11. HP: 71/71 MP: 11/11
 10048 | D:9      | Killed a cyan ugly thing
 10354 | D:9      | Found a burning altar of Makhleb.
 10437 | D:10     | Entered Level 10 of the Dungeon
 10470 | D:10     | Killed an unseen horror
 10550 | D:10     | Killed an unseen horror
 10550 | D:10     | Reached ***** piety under Okawaru
 10550 | D:10     | Reached skill level 10 in Fighting
 10743 | D:10     | Noticed a two-headed ogre
 10754 | D:10     | Killed a two-headed ogre
 10831 | D:10     | Reached skill level 10 in Armour
 11237 | D:11     | Noticed Grum
 11264 | D:11     | Killed Grum
 11266 | D:11     | Reached skill level 10 in Maces & Flails
 11513 | D:11     | Reached XP level 12. HP: 78/78 MP: 12/12
 11561 | D:11     | Received a gift from Okawaru
 11562 | D:11     | Got a pair of fine boots {god gift}
 11569 | D:11     | Reached skill level 1 in Invocations
 11583 | D:11     | Identified the +1 pair of boots of Fortification {Harm rN+
                  | Str+2} (Okawaru gifted it to you on level 11 of the
                  | Dungeon)
 11585 | D:11     | Found a frozen archway.
 11614 | IceCv    | Entered an ice cave
 12351 | IceCv    | HP: 2/79 [something] (17)]
 13559 | IceCv    | Noticed an ice dragon
 13559 | IceCv    | Noticed an ice dragon
 13575 | IceCv    | HP: 1/79 [ice dragon (5)]
 13590 | IceCv    | Killed an ice dragon
 13595 | IceCv    | Killed an ice dragon
 13939 | IceCv    | Got a pitted tin amulet
 13957 | IceCv    | Identified the amulet "Koesen" {Inacc rPois MR+} (You found
                  | it in an ice cave)
 14097 | D:11     | Noticed a centaur warrior
 14111 | D:11     | Killed a centaur warrior
 14359 | D:11     | Found Gaikh's Armour Emporium.
 14359 | D:11     | Found a staircase to the Orcish Mines.
 14359 | D:11     | Found Ginwosty's Weapon Emporium.
 14645 | D:11     | Noticed Snorg
 14671 | D:11     | Found a snail-covered altar of Cheibriados.
 15589 | D:11     | Noticed a two-headed ogre
 15599 | D:11     | Killed a two-headed ogre
 15714 | D:11     | Received a gift from Okawaru
 15730 | D:11     | Killed Snorg
 15730 | D:11     | Reached XP level 13. HP: 27/84 MP: 3/16
 15739 | D:11     | Identified a +2 pair of boots of running (Okawaru gifted it
                  | to you on level 11 of the Dungeon)
 15986 | D:11     | Found a staircase to the Lair.
 16455 | D:12     | Reached skill level 5 in Invocations
 16549 | D:12     | Found Korunus's Book Boutique.
 16555 | D:12     | Bought a book of Maledictions for 250 gold pieces
 16559 | D:12     | Learned a level 3 spell: Confusing Touch
 16683 | D:12     | You fall into a shaft and drop 3 floors!
 16683 | D:15     | Entered Level 15 of the Dungeon
 16684 | D:15     | Found a staircase to the Depths.
 16684 | D:15     | Noticed an ettin
 16690 | D:15     | Paralysed by an orc sorcerer for 7 turns
 16694 | D:15     | Mangled by an ettin

Illustrated notes

Levels and vault maps discovered:
D:1:      heliophobic_arrival_glass_houses, layout_loops_corners
D:2:      layout_rooms, nicolae_overflow_crystal_walls,
          lemuel_coloured_pillars_altar
D:3:      layout_loops_ring, lemuel_round_altar, minmay_gold_behind_fungi
D:4:      layout_loops_ring, nicolae_overflow_hidden_temple, tso_metal_star,
          uniq_crazy_yiuf_cottage
D:5:      layout_layer_cave, chequers_serial_rivers_small_a
D:6:      layout_basic, minmay_temple_entry_enclosed_plants, kennysheep_diamond,
          hangedman_decor_clover_reticule, uniq_maggie, uniq_edmund
D:7:      layout_basic, grunt_temple_overflow_opulence, marbit_many_paths,
          minitemple, serial_shops, shop, basic_altar, uniq_prince_ribbit1
D:8:      layout_loops_cross, evilmike_ruin_ashenzari, nrook_pool_corridor
D:9:      layout_rooms, lightli_temple_of_fire, kennysheep_generic_room_12,
          uniq_erica
D:10:     layout_rooms, hangedman_decor_diamond_cutter
D:11:     minmay_bloctagon, layout_irregular_city, erik_lair_dragon,
          orc_david_3, portal_ice_cave_entry_ice_beasts, basic_altar,
          uniq_snorg, uniq_grum
D:12:     layout_loops_ring, serial_shops, shop, uniq_kirke
D:15:     hangedman_depths_entry_civil_slaughter, layout_basic, minivault_23
Temple:   compressed_dpeg_circular_temple

Skill      XL: |  1  2  3  4  5  6  7  8  9 10 11 12 13 |
---------------+----------------------------------------+-----
Armour         | 1 2 3 4 6 7 9 10 11 | 11.4
Fighting       | 3 4 5 6 7 9 10 11 | 11.6
Dodging        | 3 4 5 6 7 8 9 |  9.4
Maces & Flails | 4 5 6 7 8 10 11 | 11.0
Invocations    | 4 5 |  5.0
Throwing       | |  1.7

Action                   |  1- 3 |  4- 6 |  7- 9 | 10-12 | 13-15 || total
-------------------------+-------+-------+-------+-------+-------++-------
Melee: Flail             |   118 |   106 |    32 |       |       ||   256
       Morningstar       |       |    23 |   318 |       |       ||   341
       Whip              |       |       |    33 |   590 |       ||   623
       Hand axe          |       |       |    24 |   180 |    24 ||   228
       Punch             |       |       |       |     1 |       ||     1
Throw: Throwing net      |       |     2 |     1 |       |       ||     3
Invok: Heroism           |       |       |       |     3 |     1 ||     4
       Finesse           |       |       |       |     2 |       ||     2
Evoke: Wand              |       |       |     3 |    22 |       ||    25
  Use: Scroll            |       |     5 |    14 |     8 |     2 ||    29
       Potion            |       |     2 |       |     6 |     1 ||     9
 Stab: Held in net/web   |       |     2 |       |       |       ||     2
       Sleeping          |       |       |     1 |       |       ||     1
       Invisible         |       |       |       |    13 |       ||    13
Armor: Leather armour    |    37 |       |       |       |       ||    37
       Ring mail         |    13 |    44 |   224 |    13 |       ||   294
       Scale mail        |       |       |       |   334 |    28 ||   362
Dodge: Dodged            |    88 |    94 |   340 |   520 |    32 ||  1074

Table legend: (Time is in decaauts)
 A = Elapsed time spent in this place.
 B = Non-inter-level travel time spent in this place.
 C = Inter-level travel time spent in this place.
 D = Time resting spent in this place.
 E = Time spent auto-exploring this place.
 F = Levels seen in this place.
 G = Mean time per level.
                   A        B        C        D        E       F      G
               +--------+--------+--------+--------+--------+-----+--------+
         Total |  16545 |  15587 |    958 |   5171 |   7448 |  15 | 1103.0 |
       Dungeon |  13977 |  13035 |    942 |   3375 |   7046 |  13 | 1075.2 |
        Temple |    133 |    117 |     16 |      0 |    101 |   1 |  133.0 |
      Ice Cave |   2434 |   2434 |      0 |   1796 |    301 |   1 | 2434.0 |
               +--------+--------+--------+--------+--------+-----+--------+

Top non-repeatable levels by time:
   IceCv: 2434 daAuts
     D:4: 2259 daAuts
    D:11: 1876 daAuts
     D:6: 1625 daAuts
     D:8: 1224 daAuts
    D:10: 1214 daAuts
     D:1: 1117 daAuts
     D:5: 1056 daAuts
     D:3: 1037 daAuts
     D:7: 1011 daAuts
     D:9: 851 daAuts
     D:2: 474 daAuts
    D:12: 217 daAuts
  Temple: 133 daAuts
    D:15: 10 daAuts
